 Dungeon Crawl Stone Soup version 0.13-a0-3104-gb5885e9 (webtiles) character file.

201 PolkaDot the Ruinous (level 4, -1/28 HPs)
             Began as a Vampire Wizard on Sept 19, 2013.
             Slain by aimeelou's ghost (11 damage)
             ... on Level 3 of the Dungeon.
             The game lasted 00:08:58 (2316 turns).

PolkaDot the Ruinous (Vampire Wizard)               Turns: 2316, Time: 00:08:58

HP  -1/28        AC  2     Str 11      XL: 4   Next: 31%
MP   1/12        EV 12     Int 21      God:
Gold 112         SH  0     Dex 12      Spells:  4 memorised,  0 levels left

Res.Fire  : . . .   See Invis. : +   n - +1,+2 hand axe (chop)
Res.Cold  : + . .   Warding    : .   g - +0 robe (curse)
Life Prot.: . . .   Conserve   : .   (no shield)
Res.Poison: .       Res.Corr.  : .   b - +0 wizard hat
Res.Elec. : .       Clarity    : .   (no cloak)
Sust.Abil.: . .     Spirit.Shd : .   (no gloves)
Res.Mut.  : .       Stasis     : .   (no boots)
Res.Rott. : .       Flight     : .   (no amulet)
Saprovore : . . .                    p - ring of protection from cold {unknown}
                                     m - ring of teleport control

@: regenerating quickly, mighty, very slightly contaminated, hasted, very quick,
slightly resistant to hostile enchantments, stealthy
A: fangs 3, see invisible, unbreathing
a: Evoke Teleport Control


You were on level 3 of the Dungeon.
You were very full.

You visited 1 branch of the dungeon, and saw 3 of its levels.

You collected 92 gold pieces.

Inventory:

Hand weapons
 n - a +1,+2 hand axe of chopping (weapon)
Armour
 b - a +0 wizard hat (worn)
 g - a cursed +0 robe (worn)
Magical devices
 v - a wand of cold (7)
Scrolls
 a - a scroll of noise {unknown}
 f - a scroll of enchant weapon II {unknown}
 h - 5 scrolls of identify {unknown}
 i - a scroll of blinking {unknown}
 j - a scroll of enchant armour {unknown}
 k - 2 scrolls of random uselessness {unknown}
 l - a scroll of enchant weapon I {unknown}
 o - a scroll of teleportation {unknown}
 q - a scroll of fear {unknown}
 r - a scroll of curse weapon {unknown}
 s - a scroll of curse jewellery {unknown}
 w - a scroll of fog {unknown}
Jewellery
 m - a ring of teleport control (left hand)
 p - a ring of protection from cold (right hand) {unknown}
 u - an uncursed amulet of conservation {unknown}
Books
 c - a book of Minor Magic

   Spells                             Type                      Level
   *Magic Dart                        Conjuration                  1
   *Blink                             Translocation                2
   Call Imp                           Summoning                    2
   Repel Missiles                     Charms/Air                   2
   Slow                               Hexes                        2
   *Conjure Flame                     Conjuration/Fire             3
   *Mephitic Cloud                    Conjuration/Poison/Air       3


   Skills:
 - Level 2.1 Dodging
 - Level 3.0 Stealth
 - Level 3.0 Spellcasting
 * Level 3.1 Conjurations
   Level 1.0 Summonings
 - Level 0.7 Translocations


You couldn't memorise any spells.
You knew the following spells:

 Your Spells              Type           Power        Failure   Level  Hunger
a - Magic Dart            Conj           ###.         4%          1    None
d - Mephitic Cloud        Conj/Pois/Air  #.......     30%         3    ###....
q - Blink                 Tloc           N/A          17%         2    ##.....
s - Conjure Flame         Conj/Fire      #.......     24%         3    ###....


Dungeon Overview and Level Annotations

Branches:
Dungeon (3/27)

Altars:
Cheibriados
Yredelemnul

Annotations:
D:3 aimeelou's ghost, average GrFi


Innate Abilities, Weirdness & Mutations

Your natural rate of healing is unusually fast.
You have razor-sharp teeth.*
You have supernaturally acute eyesight.
You can survive without breathing.*


Message History

Aiming: Magic Dart
Press: ? - help, Shift-Dir - straight line, f/p - aimeelou's ghost
Aim: aimeelou's ghost (severely damaged)
The magic dart hits aimeelou's ghost.
Aimeelou's ghost is severely damaged.
Drink which item? (? for menu, Esc to quit)
You feel very mighty all of a sudden.
You hit aimeelou's ghost.
Aimeelou's ghost is almost destroyed.
You hit aimeelou's ghost.
Aimeelou's ghost is almost destroyed.
Aimeelou's ghost hits you!
You hit aimeelou's ghost but do no damage.
Aimeelou's ghost is almost destroyed.
Aimeelou's ghost says, "You cannot hurt me!"
Aimeelou's ghost hits you!
You hit aimeelou's ghost but do no damage.
Aimeelou's ghost is almost destroyed.
Aimeelou's ghost hits you!
You die...

#.................
#.)...............
#.................
#.................
#.................
#.................
#......p..........
#p###############.
#@# #.
#.###############.
#.................
#.................
##################
## ..


You could see aimeelou's ghost.

Vanquished Creatures
  Ijyb (D:3)
  3 adders (D:2)
  A giant gecko (D:3)
  2 oozes
  An orc (D:3)
  A giant cockroach (D:1)
  5 hobgoblins
  2 jackals (D:3)
  A quokka (D:2)
  A ball python (D:1)
  4 bats
  3 giant newts
  7 goblins
  5 kobolds
  5 rats
42 creatures vanquished.

Notes
Turn   | Place    | Note
--------------------------------------------------------------
     0 | D:1      | PolkaDot, the Vampire Wizard, began the quest for the Orb.
     0 | D:1      | Reached XP level 1. HP: 11/11 MP: 6/6
    73 | D:1      | Reached skill level 1 in Conjurations
   183 | D:1      | Found a snail-covered altar of Cheibriados.
   444 | D:1      | Reached XP level 2. HP: 15/17 MP: 0/8
   620 | D:1      | Learned a level 2 spell: Blink
   875 | D:2      | Found a basalt altar of Yredelemnul.
  1158 | D:2      | Reached XP level 3. HP: 22/22 MP: 3/10
  1879 | D:3      | Noticed Ijyb
  1904 | D:3      | Killed Ijyb
  1904 | D:3      | Reached XP level 4. HP: 10/28 MP: 12/12
  2058 | D:3      | Noticed aimeelou's ghost (average GrFi)
  2066 | D:3      | Learned a level 3 spell: Mephitic Cloud
  2070 | D:3      | Learned a level 3 spell: Conjure Flame
  2316 | D:3      | Slain by aimeelou's ghost

Action                   |  1- 3 |  4- 6 || total
-------------------------+-------+-------++-------
Melee: Hand axe          |    36 |    16 ||    52
 Cast: Magic Dart        |    81 |    11 ||    92
       Conjure Flame     |       |     2 ||     2
Evoke: Wand              |       |     1 ||     1
  Use: Potion            |     2 |     4 ||     6
 Stab: Sleeping          |     2 |       ||     2
